 Dungeon Crawl Stone Soup version 0.28.0 (webtiles) character file.

Game seed: 8495431232934824130

1 spaghetti the Caller (level 1, -3/15 HPs)
             Began as a Naga Summoner on Feb 19, 2022.
             Slain by a kobold (5 damage)
             ... on level 2 of the Dungeon.
             The game lasted 00:00:17 (50 turns).

spaghetti the Caller (Naga Summoner)                  Turns: 50, Time: 00:00:17

Health: -3/15      AC:  1    Str: 10    XL:     1   Next: 20%
Magic:  1/3        EV:  9    Int: 15    God:
Gold:   0          SH:  0    Dex: 11    Spells: 3/4 levels left

rFire   . . .      SeeInvis +   (no weapon)
rCold   . . .      Faith    .   (no shield)
rNeg    . . .      Spirit   .   a - +0 robe
rPois   +          Reflect  .   (no helmet)
rElec   .          Harm     .   (no cloak)
rCorr   .          Rampage  .   (no gloves)
Will    .....                   (no barding)
Stlth   ++........              (no amulet)
HPRegen 0.05/turn               (no ring)
MPRegen 0.08/turn               (no ring)

@: very slow
A: AC +0, large, see invisible, deformed body, poison resistance, slowness 2,
spit poison 1, naga tail 1
a: Spit Poison


You were on level 2 of the Dungeon.
You visited 1 branch of the dungeon, and saw 2 of its levels.

Inventory:

Armour
 a - a +0 robe (worn)


   Skills:
 - Level 1.5 Dodging
 - Level 3.0 Stealth
 - Level 2.0 Spellcasting
 + Level 4.0 Summonings


You had 3 spell levels left.
You knew the following spells:

 Your Spells              Type           Power      Damage    Failure   Level
a - Summon Small Mammal   Summ           52%        N/A       4%          1

Your spell library contained the following spells:

 Spells                   Type           Power      Damage    Failure   Level
 Call Imp                 Summ           13%        N/A       6%          2
 Call Canine Familiar     Summ           13%        N/A       13%         3
 Summon Guardian Golem    Hex/Summ       7%         N/A       28%         3
 Summon Lightning Spire   Summ/Air       7%         N/A       67%         4


Dungeon Overview and Level Annotations

Branches:
Dungeon (2/15)

Altars:


Innate Abilities, Weirdness & Mutations

Your serpentine skin is tough. (AC +0)
You have supernaturally acute eyesight. (SInv)
Armour fits poorly on your strangely shaped body.
Your system is resistant to poisons. (rPois)
You cover ground very slowly.
You can spit poison.
You have a snake-like lower body.


Message History

The frilled lizard bites your rat.
Your rat bites the frilled lizard.
The frilled lizard dies!
Magic restored.
You swap places.
Found a stone staircase leading down.
A frilled lizard comes into view.
Your bat disappears in a puff of smoke!
Found a stone staircase leading down.
Your rat disappears in a puff of smoke!
There is a stone staircase leading down here.
The frilled lizard bites you.
You climb downwards.
There is a stone staircase leading up here.
Unknown command.
Casting: Summon Small Mammal (safe; 4% risk of failure)
Press: ? - help, Q - select action, (/) - cycle Dir - look around, f - activate The frilled lizard bites you.
Unknown command.
Aiming: Spit Poison (3% risk of failure)
Press: ? - help, Shift-Dir - straight line, f - frilled lizard
Aim: a frilled lizard (ally target, 31% to hit)
The splash of poison hits the frilled lizard.
You kill the frilled lizard!
Found a scroll labelled MAFE LIPRASK.
The kobold shouts!
The kobold throws a stone.
The stone barely misses you.
You have got your breath back.
You hit the kobold but do no damage.
The kobold hits you with a +0 short sword.
You miss the kobold. The kobold barely misses you.
Casting: Summon Small Mammal (safe; 4% risk of failure)
Press: ? - help, Q - select action, (/) - cycle Dir - look around, f - activate The kobold hits you with a +0 short sword.
* * * LOW HITPOINT WARNING * * *
Your rat closely misses the kobold.
You closely miss the kobold. The kobold barely misses you.
Your rat barely misses the kobold.
You barely miss the kobold.
Your bat hits the kobold but does no damage.
The kobold hits you with a +0 short sword.
You die...

########
#......#
#......#
##......#
#...Kr..#
#?...@b.#
#.####.########
.......†<.......
##.####.........
...########
###.# #.# #..
##.


You could see a kobold (ally target), a friendly bat (summoned) and a friendly
rat (summoned).

Vanquished Creatures
  A frilled lizard (D:2)
1 creature vanquished.

Vanquished Creatures (collateral kills)
  A frilled lizard (D:1)
1 creature vanquished.

Grand Total: 2 creatures vanquished

Notes
Turn   | Place    | Note
-------+----------+-------------------------------------------
     0 | D:1      | spaghetti the Naga Summoner began the quest for the Orb.
     0 | D:1      | Reached XP level 1. HP: 15/15 MP: 3/3
    50 | D:2      | Slain by a kobold

Illustrated notes

Levels and vault maps discovered:
D:1:      onia_arrival_pentagram, layout_rooms
D:2:      layout_rooms, shapermc_ecumenical_altar_rom_forum,
          kennysheep_minor_cross

Action                   || total
-------------------------++-------
Melee: Unarmed           ||     4
 Cast: Summon Small Mamm ||     4
 Abil: Spit Poison       ||     1
Dodge: Dodged            ||     3
